 Dungeon Crawl Stone Soup version 0.20-a0-16-g0876c8e (webtiles) character file.

17858 KristoblXynda the Carver (level 12, -12/106 HPs)
             Began as a Naga Fighter on Nov 4, 2016.
             Was the Champion of Cheibriados.
             Killed from afar by a deep elf mage (25 damage)
             ... with a bolt of lightning
             ... on level 12 of the Dungeon.
             The game lasted 00:32:27 (10877 turns).

KristoblXynda the Carver (Naga Fighter)            Turns: 10877, Time: 00:32:28

Health: -12/106    AC: 17    Str: 40    XL:     12   Next: 52%
Magic:  19/19      EV: 14    Int: 21    God:    Cheibriados [******]
Gold:   555        SH: 19    Dex: 32    Spells: 0 memorised, 11 levels left

rFire  + . .     SeeInvis +     C - +4 scimitar (freeze)
rCold  . . .     Gourm    .     g - +4 scale mail "Muhiawobb" {Str+5 Int-2 Dex+2 Stlth+}
rNeg   . . .     Faith    .     c - +1 shield
rPois  +         Spirit   .     (no helmet)
rElec  .         Reflect  .     y - +1 cloak {+Inv}
rCorr  .         Harm     .     v - +1 pair of gloves
MR     +....                    (no barding)
Stlth  +++++.....               (no amulet)
                                r - +4 ring of dexterity
                                (no ring)

@: very slow
A: large bone plates 1, see invisible, deformed body, dopey 2, fire resistance
1, sense surroundings 1, poison resistance, robust 1, slowness 2, slow
metabolism 1, spit poison 1, AC +4
a: Spit Poison, Bend Time, Temporal Distortion, Slouch, Step From Time, Renounce
Religion, Evoke Invisibility


You were on level 12 of the Dungeon.
You worshipped Cheibriados.
Cheibriados was exalted by your worship.
You were not hungry.

You visited 2 branches of the dungeon, and saw 13 of its levels.

You collected 555 gold pieces.

Inventory:

Hand Weapons
 a - a +2 falchion of flaming
 C - a +4 scimitar of freezing (weapon)
Armour
 c - a +1 shield (worn)
 g - the +4 scale mail "Muhiawobb" (worn) {Str+5 Int-2 Dex+2 Stlth+}
   (You found it on level 7 of the Dungeon)

   It affects your strength (+5).
   It affects your intelligence (-2).
   It affects your dexterity (+2).
   It makes you more stealthy.
 v - a +1 pair of gloves (worn)
 y - a +1 cloak of invisibility (worn)
Rods
 E - a -1 rod of ignition (14/14)
   (You found it on level 9 of the Dungeon)
Jewellery
 k - an uncursed ring of resist corrosion
 r - a +4 ring of dexterity (right hand)
Wands
 w - a wand of iceblast (3/15)
 J - a wand of enslavement (15/24)
Scrolls
 e - 4 scrolls of teleportation
 n - a scroll of amnesia
 p - 2 scrolls of fear
 t - 2 scrolls of enchant armour
 x - a scroll of recharging
 D - 2 scrolls of immolation
 G - 5 scrolls of remove curse
 I - 2 scrolls of magic mapping
 K - a scroll of fog
Potions
 d - a potion of might
 h - 2 potions of curing
 i - a potion of lignification
 l - 3 potions of resistance
 o - 3 potions of cancellation
 s - a potion of magic
 u - 2 potions of flight {unknown}
 z - a potion of brilliance
 A - 3 potions of cure mutation
 M - a potion of degeneration {unknown}
Books
 b - a book of Debilitation

   Spells                             Type                      Level
   a - Corona                         Hexes                        1
   b - Slow                           Hexes                        2
   c - Gell's Gravitas                Hexes/Translocation          3
   d - Inner Flame                    Hexes/Fire                   3
   e - Cause Fear                     Hexes                        4
   f - Leda's Liquefaction            Hexes/Earth                  4
 F - a book of Geomancy

   Spells                             Type                      Level
   a - Sandblast                      Earth                        1
   b - Passwall                       Transmutation/Earth          2
   c - Stone Arrow                    Conjuration/Earth            3
   d - Petrify                        Transmutation/Earth          4
   e - Lee's Rapid Deconstruction     Earth                        5
Comestibles
 f - 4 bread rations
 j - 9 meat rations
 m - 3 royal jellies
 q - 9 fruits
 B - 3 slices of pizza
 H - 2 beef jerkies


   Skills:
 - Level 3.0 Fighting
 + Level 11.8 Long Blades
 - Level 6.2 Armour
 - Level 6.2 Dodging
 - Level 10.5 Stealth
 + Level 6.3 Shields
 + Level 9.5 Invocations


You had 11 spell levels left.
You didn't know any spells.

Dungeon Overview and Level Annotations

Branches:
Dungeon (12/15)            Temple (1/1) D:6            Lair (0/6) D:9
    Orc (0/2) D:9

Altars:
Ashenzari
Cheibriados
Dithmenos
Elyvilon
Fedhas
Gozag
Hepliaklqana
Kikubaaqudgha
Makhleb
Nemelex Xobeh
Okawaru
Qazlal
Ru
Sif Muna
Trog
Uskayaw
Vehumet
Xom
Yredelemnul
Zin
The Shining One

Shops:
D:11 }   D:12 *

Annotations:
D:7 1 exclusion


Innate Abilities, Weirdness & Mutations

You cannot wear boots.
Your serpentine skin is tough. (AC +4)
You have supernaturally acute eyesight. (SInv)
Armour fits poorly on your strangely shaped body.
Your system is resistant to poisons. (rPois)
You cover ground very slowly.
You have a slow metabolism.
You can spit poison.
You are partially covered in large bone plates. (SH +4)
You are very dopey. (Int -4)
Your flesh is heat resistant. (rF+)
You passively map a small area around you.
You are robust. (+10% HP)


Message History

The deep elf mage mumbles some strange words.
The deep elf mage blinks!
Press: ? - help, Shift-Dir - straight line, f - deep elf mage
Aim: a deep elf mage, wielding a dagger and wearing a leather armour (severely wounded)
The splash of poison misses the deep elf mage.
You feel slightly more hungry.
The deep elf mage points at you and mumbles some strange words.
The bolt of lightning misses you.
Okay, then.
The deep elf mage casts a spell at you. The bolt of lightning hits you!
* * * LOW HITPOINT WARNING * * *
The deep elf mage gestures at you while chanting.
The bolt of lightning hits you!
* * * LOW HITPOINT WARNING * * *
You feel better.
You have got your breath back.
The deep elf mage casts a spell at you. The bolt of lightning hits you!
You die...

....≈≈≈≈.....≈....##........((...
...)≈....⌠.⌠.≈....).....#........
......_...∩..≈....#######........
.##)≈....⌠.⌠.≈....#### #........
.##.≈≈≈≈.....≈....'..# #........
###....≈≈≈≈≈≈≈....#### #........
###.......##....#######........
### #.......##...................
..###.......##..@.............)..
..'...###+####...................
..###.# , ..#.e.................
..# #.# * #.#...................
..# #.# #.#...........########
..###.######.#...........#
....#.....##.............#
###.#####.####.##.).###### ....#
#.# #.##...#


You could see a deep elf mage.

Vanquished Creatures
  Erolcha (D:10)
  Josephine (D:12)
  A hydra (D:8)
  An unseen horror (D:10)
  The ghost of Zorot the Cleaver, a novice MiBe of Trog (D:7)
  3 hill giants
  Pikel (D:3)
  2 ugly things (D:12)
  2 cyclopes (D:11)
  2 kobold demonologists (D:12)
  2 trolls
  3 hippogriffs
  6 slime creatures (D:11)
  2 dream sheep (D:8)
  Sigmund (D:5)
  5 wraiths
  8 yaks
  Grum (D:10)
  A hungry ghost (D:8)
  Menkaure (D:4)
  Edmund (D:5)
  A water moccasin (D:11)
  7 orc warriors
  Duvessa (D:6)
  An eye of draining (D:10)
  3 sky beasts
  3 phantoms
  3 ice beasts
  2 ogres
  A black bear (D:6)
  2 wolves (D:10)
  4 centaurs
  4 big kobolds
  Blork the orc (D:5)
  5 bullfrogs
  Dowan (D:6)
  A wyvern skeleton (D:7)
  A scorpion (D:11)
  5 killer bees (D:10)
  3 electric eels (D:10)
  10 howler monkeys
  10 crimson imps
  5 bullfrog zombies
  2 jellies (D:8)
  2 centaur zombies
  A bullfrog skeleton (D:11)
  6 hounds
  5 orc priests
  Crazy Yiuf (D:2)
  7 orc wizards
  Jessica (D:2)
  A centaur skeleton (D:5)
  Terence (D:2)
  4 iguanas
  8 worker ants
  A hound zombie (D:5)
  A worker ant zombie (D:11)
  11 gnolls
  11 adders
  A shadow imp (D:7)
  3 oozes
  2 adder skeletons
  4 worms
  2 leopard geckos
  20 orcs
  A ball python (D:1)
  3 bats
  3 giant cockroaches
  6 goblins
  9 hobgoblins
  9 jackals
  3 quokkas
  3 frilled lizards
  A jackal skeleton (D:4)
  A jackal zombie (D:5)
  10 kobolds
  A leopard gecko skeleton (D:7)
  A quokka skeleton (D:4)
  5 rats
271 creatures vanquished.

Vanquished Creatures (others)
  A hound (D:4)
  A gnoll (D:4)
  A dart slug (D:4)
3 creatures vanquished.

Grand Total: 274 creatures vanquished

Notes
Turn   | Place    | Note
-------+----------+-------------------------------------------
     0 | D:1      | KristoblXynda the Naga Fighter began the quest for the Orb.
     0 | D:1      | Reached XP level 1. HP: 21/21 MP: 1/1
    64 | D:1      | Reached skill level 1 in Stealth
   144 | D:1      | Reached XP level 2. HP: 26/28 MP: 2/2
   674 | D:1      | Reached XP level 3. HP: 27/34 MP: 3/3
  1029 | D:2      | Found a shadowy altar of Dithmenos.
  1110 | D:2      | Noticed Terence
  1129 | D:2      | Killed Terence
  1129 | D:2      | Reached skill level 3 in Long Blades
  1129 | D:2      | Reached XP level 4. HP: 18/42 MP: 4/4
  1300 | D:2      | Noticed Jessica
  1301 | D:2      | Killed Jessica
  1439 | D:2      | Found a runed door.
  1443 | D:2      | Noticed Crazy Yiuf
  1456 | D:2      | Killed Crazy Yiuf
  1456 | D:2      | Reached XP level 5. HP: 19/49 MP: 0/5
  2167 | D:3      | Found a shattered altar of Ashenzari.
  2956 | D:4      | Noticed Pikel
  2956 | D:4      | Noticed a slave
  2960 | D:4      | Noticed a slave
  2983 | D:4      | Noticed a slave
  2983 | D:4      | Noticed a slave
  3005 | D:3      | Killed Pikel
  3005 | D:3      | Reached skill level 5 in Long Blades
  3005 | D:3      | Reached XP level 6. HP: 27/56 MP: 6/6
  3005 | D:3      | Reached XP level 7. HP: 30/62 MP: 7/7
  3425 | D:4      | Noticed Menkaure
  3431 | D:4      | Killed Menkaure
  3431 | D:4      | Reached XP level 8. HP: 51/69 MP: 8/8
  3523 | D:5      | Entered Level 5 of the Dungeon
  3635 | D:5      | Noticed Sigmund
  3647 | D:5      | Killed Sigmund
  3647 | D:5      | Reached skill level 6 in Long Blades
  3647 | D:5      | Reached skill level 5 in Armour
  3780 | D:5      | Noticed Edmund
  3805 | D:5      | Killed Edmund
  4336 | D:5      | Noticed Blork the orc
  4344 | D:5      | Killed Blork the orc
  4487 | D:6      | Found a staircase to the Ecumenical Temple.
  4501 | Temple   | Entered the Ecumenical Temple
  4552 | Temple   | Became a worshipper of Cheibriados the Contemplative
  4768 | D:6      | Noticed a hippogriff
  4782 | D:6      | Killed a hippogriff
  4782 | D:6      | Reached XP level 9. HP: 38/75 MP: 9/9
  4823 | D:6      | Reached skill level 7 in Long Blades
  4823 | D:6      | Reached skill level 10 in Stealth
  4987 | D:6      | Identified a scroll of acquirement
  5005 | D:6      | Gained mutation: You passively map a small area around you. [mutagenic meat]
  5006 | D:6      | Gained mutation: You are dopey. (Int -2) [mutagenic meat]
  5007 | D:6      | Gained mutation: Your muscles are strong. (Str +2) [mutagenic meat]
  5008 | D:6      | Gained mutation: Your body sometimes deteriorates upon taking damage. [mutagenic meat]
  5009 | D:6      | Gained mutation: Your flesh is heat resistant. (rF+) [mutagenic meat]
  5010 | D:6      | Gained mutation: You are very dopey. (Int -4) [mutagenic meat]
  5116 | D:6      | Noticed Duvessa
  5116 | D:6      | Noticed Dowan
  5123 | D:6      | Killed Duvessa
  5183 | D:6      | Killed Dowan
  5190 | D:6      | Reached * piety under Cheibriados
  5500 | D:7      | Noticed Zorot's ghost (novice MiBe)
  5534 | D:7      | Killed Zorot's ghost
  5539 | D:7      | Lost mutation: Your body sometimes deteriorates upon taking damage. [potion of cure mutation]
  5539 | D:7      | Lost mutation: Your muscles are strong. (Str +2) [potion of cure mutation]
  5539 | D:7      | Lost mutation: You are very dopey. (Int -4) [potion of cure mutation]
  5598 | D:7      | Reached skill level 8 in Long Blades
  5672 | D:7      | Got a faintly humming scale mail
  5683 | D:7      | Identified the +4 scale mail "Muhiawobb" {Str+5 Int-2 Dex+2 Stlth+} (You found it on level 7 of the Dungeon)
  6092 | D:7      | Found a stormy altar of Qazlal.
  6098 | D:7      | Found an opulent altar of Gozag.
  6102 | D:7      | Found a bloodstained altar of Trog.
  6108 | D:7      | Found an iron altar of Okawaru.
  6113 | D:7      | Found a glowing golden altar of the Shining One.
  6119 | D:7      | Found a hazy altar of Hepliaklqana.
  6123 | D:7      | Found a burning altar of Makhleb.
  6197 | D:7      | Reached XP level 10. HP: 81/84 MP: 10/10
  6320 | D:8      | Gained mutation: You are very dopey. (Int -4) [potion of mutation]
  6320 | D:8      | Gained mutation: You are robust. (+10% HP) [potion of mutation]
  6320 | D:8      | Gained mutation: You are partially covered in large bone plates. (SH +4) [potion of mutation]
  6371 | D:8      | Found a sacrificial altar of Ru.
  6453 | D:8      | Reached ** piety under Cheibriados
  6453 | D:8      | Reached skill level 1 in Invocations
  6687 | D:8      | Reached skill level 9 in Long Blades
  6702 | D:8      | Reached *** piety under Cheibriados
  6849 | D:8      | Noticed a three-headed hydra
  6858 | D:8      | Killed a one-headed hydra
  6991 | D:8      | Found a hide-covered altar of Uskayaw.
  7410 | D:9      | Found a staircase to the Lair.
  7410 | D:9      | Found a staircase to the Orcish Mines.
  7862 | D:9      | Reached skill level 5 in Dodging
  7927 | D:10     | Entered Level 10 of the Dungeon
  8208 | D:10     | Noticed Grum
  8219 | D:10     | Killed Grum
  8219 | D:10     | Reached skill level 5 in Invocations
  8226 | D:10     | Noticed Erolcha
  8241 | D:10     | Killed Erolcha
  8241 | D:10     | Reached skill level 10 in Long Blades
  8241 | D:10     | Reached XP level 11. HP: 75/99 MP: 13/15
  8260 | D:10     | Reached **** piety under Cheibriados
  8274 | D:10     | Identified a -1 rod of ignition (14/14) (You found it on level 9 of the Dungeon)
  8795 | D:10     | Noticed an unseen horror
  8802 | D:10     | Killed an unseen horror
  8858 | D:10     | Noticed a hill giant
  8868 | D:10     | Killed a hill giant
  8868 | D:10     | Reached ***** piety under Cheibriados
  9041 | D:10     | Noticed an orc high priest
  9264 | D:11     | Noticed a cyclops
  9278 | D:11     | Killed a cyclops
  9278 | D:11     | Reached skill level 11 in Long Blades
  9376 | D:11     | Found a glowing golden altar of the Shining One.
  9422 | D:11     | Reached skill level 5 in Shields
  9516 | D:11     | Noticed a hill giant
  9524 | D:11     | Killed a hill giant
  9524 | D:11     | Reached XP level 12. HP: 93/106 MP: 18/18
  9556 | D:11     | Found Vogoez's Gadget Shop.
 10172 | D:12     | Found an opulent altar of Gozag.
 10174 | D:12     | Found Gozag's Platinum Reserve.
 10176 | D:12     | Noticed Josephine
 10190 | D:12     | Killed Josephine
 10454 | D:12     | Reached ****** piety under Cheibriados
 10876 | D:12     | HP: 4/106 [deep elf mage/bolt of lightning (14)]
 10877 | D:12     | Killed from afar by a deep elf mage

Vault maps used:
D:1:      lemuel_arrival_behind_the_door_large
D:2:      lemuel_round_altar, uniq_crazy_yiuf_cottage, uniq_terence,
          uniq_jessica
D:3:      nicolae_ashenzari_panopticon
D:4:      minmay_misc_feat_chi, kennysheep_generic_room_6, uniq_menkaure,
          uniq_pikel
D:5:      first_bread, minmay_misc_feat_tiny, uniq_blork_the_orc, uniq_edmund,
          uniq_sigmund
D:6:      uniq_duvessa
D:7:      grunt_temple_overflow_octagram, minmay_misc_feat_rows
D:8:      kennysheep_mini_moat, nicolae_ru_the_path_less_chosen, hangedman_ranch
D:9:      orc_0_dummy
D:10:     kennysheep_island_fort, uniq_grum, uniq_erolcha
D:11:     serial_shops, nicolae_shop_stone, basic_altar, minivault_24,
          serial_bayou_pond_d
D:12:     minmay_stone_box, nicolae_gozag_zags_fifth_avenue, uniq_josephine
Temple:   eino_wide_crystal_templ

Skill      XL: |  1  2  3  4  5  6  7  8  9 10 11 12 |
---------------+-------------------------------------+-----
Stealth        | 1 2 3 4 6 7 9 10 | 10.5
Long Blades    | 3 5 6 8 10 11 | 11.8
Armour         | 3 4 5 6 |  6.2
Dodging        | 2 5 6 |  6.2
Shields        | 3 4 5 6 |  6.3
Invocations    | 5 8 9 |  9.5
Fighting       | |  3.0

Action                   |  1- 3 |  4- 6 |  7- 9 | 10-12 || total
-------------------------+-------+-------+-------+-------++-------
Melee: Long sword        |   102 |    93 |   209 |       ||   404
       Scimitar          |       |       |    87 |   469 ||   556
       Falchion          |       |       |       |     4 ||     4
 Abil: Spit Poison       |     3 |     9 |    20 |    12 ||    44
Evoke: Wand              |       |       |     1 |     3 ||     4
  Use: Potion            |       |     1 |     5 |    11 ||    17
       Scroll            |       |    10 |    12 |    10 ||    32
 Stab: Sleeping          |       |     2 |     9 |    23 ||    34
       Distracted        |       |       |     1 |     2 ||     3
  Eat: Beef jerky        |       |     1 |       |       ||     1
       Fruit             |       |     5 |     4 |     3 ||    12
       Chunk             |       |       |     9 |     6 ||    15
       Bread ration      |       |       |     1 |       ||     1
       Pizza             |       |       |       |     3 ||     3
Armor: Ring mail         |    35 |    44 |    75 |       ||   154
       Leather armour    |       |       |    57 |       ||    57
       Scale mail        |       |       |    16 |   156 ||   172
Dodge: Dodged            |    20 |    21 |    63 |   163 ||   267
Block: Shield            |    51 |    45 |   158 |   473 ||   727
       Rpst.: Long sword |     8 |    10 |    10 |       ||    28
       Scimitar          |       |       |     6 |    43 ||    49
